| TOP OF THE 1ST |
|
Oklahoma City 89ers batting - Pitching for Iowa Oaks : LHP Matt Young
|
|
Pitching: LHP Matt Young
|
|
|
Batting: RHB David Green
|
0-0: Ball 1-0: SINGLE (Line Drive, 78M, EV 106.9 MPH)
|
|
Batting: RHB Ryan Ricard
|
0-0: Ball 1-0: Ball 2-0: Foul Ball, location: 2F 2-1: Ball 3-1: Base on Balls David Green to second
|
|
Batting: RHB Dave Valle
|
0-0: Ball 1-0: TRIPLE (Flyball, 78XD, EV 91.9 MPH) David Green scores Ryan Ricard scores
|
|
Batting: RHB Richard Howard
|
0-0: Ground out 4-3 (Groundball, 4, EV 86.9 MPH) Dave Valle scores
|
|
Batting: RHB Barry Bonnell
|
0-0: Called Strike 0-1: SINGLE (Groundball, 4MD, EV 105.6 MPH)
|
|
Batting: RHB Rich Murray
|
0-0: Called Strike 0-1: Ball 1-1: Called Strike 1-2: Strikes out looking
|
|
Batting: RHB Nick Esasky
|
0-0: Called Strike 0-1: Called Strike 0-2: Ball 1-2: DOUBLE (Line Drive, 89D, EV 103.1 MPH) Barry Bonnell to third Runner from 3rd tries for Home, SAFE, no throw by CF
|
|
Batting: RHB Ron Tingley
|
0-0: Foul Ball, location: 2F 0-1: Ground out 4-3 (Groundball, 4, EV 86.9 MPH)
|
| Top of the 1st over - 4 runs, 4 hits, 0 errors, 1 left on base; Oklahoma City 4 - Iowa 0 |
| BOTTOM OF THE 1ST |
|
Iowa Oaks batting - Pitching for Oklahoma City 89ers : RHP Chris Whitt
|
|
Pitching: RHP Chris Whitt
|
|
|
Batting: RHB Ronald Evans
|
0-0: Ball 1-0: Ball 2-0: Ball 3-0: Base on Balls
|
|
Batting: RHB Mark Benson
|
0-0: Called Strike 0-1: Ball 1-1: Fly out, F9 (Line Drive, 9, EV 101.3 MPH)
|
|
Batting: SHB Chico Walker
|
0-0: Ball Ronald Evans steals 2nd base (no throw) 1-0: Swinging Strike 1-1: Ball 2-1: Swinging Strike 2-2: Ball 3-2: Fly out, F8 (Flyball, 8RD, EV 106.9 MPH)
|
|
Batting: RHB Nick Pagan
|
0-0: Fly out, F7 (Flyball, 78M, EV 91.9 MPH)
|
| Bottom of the 1st over - 0 runs, 0 hits, 0 errors, 1 left on base; Oklahoma City 4 - Iowa 0 |
| TOP OF THE 2ND |
|
Oklahoma City 89ers batting - Pitching for Iowa Oaks : LHP Matt Young
|
|
Batting: RHB Danny Jasso
|
0-0: Called Strike 0-1: Ball 1-1: DOUBLE (Line Drive, 9LM, EV 101.3 MPH)
|
|
Batting: RHB David Green
|
0-0: Called Strike 0-1: Ball 1-1: Foul Ball, location: 2F 1-2: Strikes out swinging
|
|
Batting: RHB Ryan Ricard
|
0-0: Ball 1-0: Ground out 4-3 (Groundball, 4, EV 81.9 MPH) Danny Jasso to third
|
|
Batting: RHB Dave Valle
|
0-0: Ball 1-0: Ball 2-0: Ball 3-0: Called Strike 3-1: Foul Ball, location: 2F 3-2: Foul Ball, location: 2F 3-2: SINGLE (Groundball, 56D, EV 94.4 MPH) Danny Jasso scores
|
|
Batting: RHB Richard Howard
|
0-0: Called Strike 0-1: Fielders Choice at 2nd, 6-4 (Groundball, 6, EV 105.0 MPH)
|
| Top of the 2nd over - 1 run, 2 hits, 0 errors, 1 left on base; Oklahoma City 5 - Iowa 0 |
| BOTTOM OF THE 2ND |
|
Iowa Oaks batting - Pitching for Oklahoma City 89ers : RHP Chris Whitt
|
|
Batting: SHB Mike Turgeon
|
0-0: Called Strike 0-1: Foul Ball, location: 2F 0-2: Strikes out swinging
|
|
Batting: RHB Edgar Flores
|
0-0: Foul Ball, location: 2F 0-1: Foul Ball, location: 2F 0-2: Foul Ball, location: 2F 0-2: Strikes out swinging
|
|
Batting: LHB Roy Hartford
|
0-0: Ball 1-0: Swinging Strike 1-1: Foul Ball, location: 2F 1-2: Ball 2-2: DOUBLE (Line Drive, 7LM, EV 105.6 MPH)
|
|
Batting: RHB Lee Muszynski
|
0-0: Ball 1-0: Ball 2-0: Ball 3-0: Base on Balls
|
|
Batting: RHB Thomas Vessey
|
0-0: Ground out 6-3 (Groundball, 56, EV 102.5 MPH)
|
| Bottom of the 2nd over - 0 runs, 1 hit, 0 errors, 2 left on base; Oklahoma City 5 - Iowa 0 |
| TOP OF THE 3RD |
|
Oklahoma City 89ers batting - Pitching for Iowa Oaks : LHP Matt Young
|
|
Batting: RHB Barry Bonnell
|
0-0: SINGLE (Line Drive, 9LM, EV 105.0 MPH)
|
|
Batting: RHB Rich Murray
|
0-0: Ball 1-0: Ball Barry Bonnell steals 2nd base 2-0: SINGLE (Flyball, 8LS, EV 88.1 MPH) Barry Bonnell to third Runner from 3rd tries for Home, SAFE, no throw by CF
|
|
Pitching: RHP Cristian Martinez
|
|
|
Batting: RHB Nick Esasky
|
0-0: Ball 1-0: Ball 2-0: Foul Ball, location: 2F 2-1: Called Strike 2-2: Fly out, F8 (Flyball, 8LXD, EV 95.6 MPH)
|
|
Batting: RHB Ron Tingley
|
0-0: Ball Rich Murray is caught stealing 2nd base 2-4 1-0: Ball 2-0: Called Strike 2-1: Ball 3-1: Base on Balls
|
|
Batting: RHB Danny Jasso
|
0-0: Ball 1-0: Called Strike 1-1: Called Strike 1-2: Foul Ball, location: 2F 1-2: Ball 2-2: Foul Ball, location: 2F 2-2: Foul Ball, location: 2F 2-2: Strikes out swinging
|
| Top of the 3rd over - 1 run, 2 hits, 0 errors, 1 left on base; Oklahoma City 6 - Iowa 0 |
| BOTTOM OF THE 3RD |
|
Iowa Oaks batting - Pitching for Oklahoma City 89ers : RHP Chris Whitt
|
|
Batting: RHB Ronald Evans
|
0-0: Ball 1-0: Foul Ball, location: 2F 1-1: Called Strike 1-2: Fly out, F8 (Line Drive, 8LD, EV 92.5 MPH)
|
|
Batting: RHB Mark Benson
|
0-0: Foul Ball, location: 2F 0-1: Ball 1-1: Ball 2-1: Ball 3-1: Foul Ball, location: 2F 3-2: Fly out, F3 (Popup, 3F, EV 59.4 MPH)
|
|
Batting: SHB Chico Walker
|
0-0: Called Strike 0-1: Foul Ball, location: 2F 0-2: Strikes out swinging, 2-3 out at first.
|
| Bottom of the 3rd over - 0 runs, 0 hits, 0 errors, 0 left on base; Oklahoma City 6 - Iowa 0 |
| TOP OF THE 4TH |
|
Oklahoma City 89ers batting - Pitching for Iowa Oaks : RHP Cristian Martinez
|
|
Batting: RHB David Green
|
0-0: Called Strike 0-1: Ball 1-1: Called Strike 1-2: Foul Ball, location: 2F 1-2: Ball 2-2: Foul Ball, location: 2F 2-2: Foul Ball, location: 2F 2-2: Ball 3-2: Foul Ball, location: 2F 3-2: Base on Balls
|
|
Batting: RHB Ryan Ricard
|
0-0: Ball 1-0: Ball 2-0: Foul Ball, location: 2F 2-1: Called Strike 2-2: Fly out, F5 (Line Drive, 5, EV 68.1 MPH)
|
|
Batting: RHB Dave Valle
|
0-0: Ball 1-0: Ball 2-0: Ball 3-0: Base on Balls David Green to second
|
|
Batting: RHB Richard Howard
|
0-0: Ball 1-0: Ball 2-0: Ball 3-0: Base on Balls David Green to third Dave Valle to second
|
|
Batting: RHB Barry Bonnell
|
0-0: Ball 1-0: Ground out 5-3 (Groundball, 56S, EV 81.3 MPH) David Green scores Dave Valle to third Richard Howard to second
|
|
Batting: RHB Rich Murray
|
0-0: Called Strike 0-1: Swinging Strike 0-2: Strikes out swinging
|
| Top of the 4th over - 1 run, 0 hits, 0 errors, 2 left on base; Oklahoma City 7 - Iowa 0 |
| BOTTOM OF THE 4TH |
|
Iowa Oaks batting - Pitching for Oklahoma City 89ers : RHP Chris Whitt
|
|
Batting: RHB Nick Pagan
|
0-0: Ball 1-0: Foul Ball, location: 2F 1-1: SINGLE (Groundball, 6S, EV 63.1 MPH) (infield hit)
|
|
Batting: SHB Mike Turgeon
|
0-0: Swinging Strike 0-1: Ball 1-1: Grounds into double play, 6-4-3 (Groundball, 6, EV 85.6 MPH)
|
|
Batting: RHB Edgar Flores
|
0-0: Ball 1-0: Foul Ball, location: 2F 1-1: Foul Ball, location: 2F 1-2: Ground out 6-3 (Groundball, 6, EV 85.6 MPH)
|
| Bottom of the 4th over - 0 runs, 1 hit, 0 errors, 0 left on base; Oklahoma City 7 - Iowa 0 |
| TOP OF THE 5TH |
|
Oklahoma City 89ers batting - Pitching for Iowa Oaks : RHP Cristian Martinez
|
|
Batting: RHB Nick Esasky
|
0-0: Ball 1-0: Foul Ball, location: 2F 1-1: Ball 2-1: Swinging Strike 2-2: Strikes out swinging
|
|
Batting: RHB Ron Tingley
|
0-0: Ball 1-0: Fly out, F4 (Line Drive, 4, EV 71.3 MPH)
|
|
Batting: RHB Danny Jasso
|
0-0: Called Strike 0-1: Ball 1-1: Called Strike 1-2: Foul Ball, location: 2F 1-2: Reached on error, E7 (Flyball, 7, EV 93.1 MPH)
|
|
Batting: RHB David Green
|
0-0: Swinging Strike 0-1: Swinging Strike 0-2: Ball 1-2: Ball 2-2: Strikes out swinging
|
| Top of the 5th over - 0 runs, 0 hits, 1 error, 1 left on base; Oklahoma City 7 - Iowa 0 |
| BOTTOM OF THE 5TH |
|
Iowa Oaks batting - Pitching for Oklahoma City 89ers : RHP Chris Whitt
|
|
Batting: LHB Roy Hartford
|
0-0: Foul Ball, location: 2F 0-1: Called Strike 0-2: Ground out 5-3 (Groundball, 56, EV 110.0 MPH)
|
|
Batting: RHB Lee Muszynski
|
0-0: Ball 1-0: Ground out 6-3 (Groundball, 6M, EV 86.9 MPH)
|
|
Batting: RHB Thomas Vessey
|
0-0: Ball 1-0: Ball 2-0: Ball 3-0: Called Strike 3-1: Called Strike 3-2: Strikes out looking
|
| Bottom of the 5th over - 0 runs, 0 hits, 0 errors, 0 left on base; Oklahoma City 7 - Iowa 0 |
| TOP OF THE 6TH |
|
Oklahoma City 89ers batting - Pitching for Iowa Oaks : RHP Cristian Martinez
|
|
Batting: RHB Ryan Ricard
|
0-0: Ball 1-0: Foul Ball, location: 2F 1-1: Foul Ball, location: 2F 1-2: Ball 2-2: Foul Ball, location: 2F 2-2: Foul Ball, location: 2F 2-2: Ground out 6-3 (Groundball, 6, EV 85.6 MPH)
|
|
Pitching: LHP Guy Finch
|
|
|
Batting: RHB Dave Valle
|
0-0: Ball 1-0: Fly out, F8 (Line Drive, 8LD, EV 87.5 MPH)
|
|
Batting: RHB Richard Howard
|
0-0: Ball 1-0: Called Strike 1-1: Ball 2-1: Foul Ball, location: 2F 2-2: Foul Ball, location: 2F 2-2: Ball 3-2: Base on Balls
|
|
Batting: RHB Barry Bonnell
|
0-0: Ball 1-0: Swinging Strike 1-1: Ball 2-1: Fielders Choice at 2nd, 6-4 (Groundball, 6, EV 100.0 MPH)
|
| Top of the 6th over - 0 runs, 0 hits, 0 errors, 1 left on base; Oklahoma City 7 - Iowa 0 |
| BOTTOM OF THE 6TH |
|
Iowa Oaks batting - Pitching for Oklahoma City 89ers : RHP Chris Whitt
|
|
Batting: RHB Ronald Evans
|
0-0: Ball 1-0: Swinging Strike 1-1: Ball 2-1: Foul Ball, location: 2F 2-2: Ground out 5-3 (Groundball, 56, EV 91.3 MPH)
|
|
Batting: RHB Mark Benson
|
0-0: Fly out, F6 (Flyball, 56D, EV 86.3 MPH)
|
|
Batting: SHB Chico Walker
|
0-0: Ball 1-0: Ground out 5-3 (Groundball, 5, EV 88.8 MPH)
|
| Bottom of the 6th over - 0 runs, 0 hits, 0 errors, 0 left on base; Oklahoma City 7 - Iowa 0 |
| TOP OF THE 7TH |
|
Oklahoma City 89ers batting - Pitching for Iowa Oaks : LHP Guy Finch
|
|
Pinch Hitting: RHB Domingo Nunez
|
0-0: Ball 1-0: Ball 2-0: Foul Ball, location: 2F 2-1: SINGLE (Flyball, 34D, EV 92.5 MPH)
|
|
Pinch Hitting: RHB Francisco Batista
|
0-0: Ball 1-0: Called Strike 1-1: Ball 2-1: Called Strike 2-2: Strikes out swinging
|
|
Batting: RHB Ron Tingley
|
0-0: Ball 1-0: Called Strike 1-1: Ball 2-1: Called Strike 2-2: Fly out, F9 (Flyball, 9LM, EV 89.4 MPH)
|
|
Batting: RHB Danny Jasso
|
0-0: Called Strike 0-1: Foul Ball, location: 2F 0-2: Ball 1-2: Strikes out looking
|
| Top of the 7th over - 0 runs, 1 hit, 0 errors, 1 left on base; Oklahoma City 7 - Iowa 0 |
| BOTTOM OF THE 7TH |
|
Iowa Oaks batting - Pitching for Oklahoma City 89ers : RHP Chris Whitt
|
|
Now at 1B: John Harris
|
|
|
Now at 3B: Domingo Nunez
|
|
|
Pinch Hitting: RHB Tim Hulett
|
0-0: Called Strike 0-1: Ball 1-1: Called Strike 1-2: Ball 2-2: Foul Ball, location: 2F 2-2: Foul Ball, location: 2F 2-2: Foul Ball, location: 2F 2-2: Foul Ball, location: 2F 2-2: Foul Ball, location: 2F 2-2: Fly out, F4 (Popup, 34, EV 71.3 MPH)
|
|
Pinch Hitting: LHB Randall Robinson
|
0-0: Foul Ball, location: 2F 0-1: Foul Ball, location: 2F 0-2: Ball 1-2: Ball 2-2: Foul Ball, location: 2F 2-2: Strikes out swinging
|
|
Batting: RHB Edgar Flores
|
0-0: Called Strike 0-1: Fly out, F6 (Line Drive, 6, EV 55.6 MPH)
|
| Bottom of the 7th over - 0 runs, 0 hits, 0 errors, 0 left on base; Oklahoma City 7 - Iowa 0 |
| TOP OF THE 8TH |
|
Oklahoma City 89ers batting - Pitching for Iowa Oaks : LHP Guy Finch
|
|
Now at 1B: Randall Robinson
|
|
|
Now at 2B: Tim Hulett
|
|
|
Batting: RHB David Green
|
0-0: Foul Ball, location: 2F 0-1: Ball 1-1: Foul Ball, location: 2F 1-2: Strikes out swinging
|
|
Batting: RHB Ryan Ricard
|
0-0: Called Strike 0-1: Foul Ball, location: 2F 0-2: Strikes out looking
|
|
Batting: RHB Dave Valle
|
0-0: Ball 1-0: Ball 2-0: Foul Ball, location: 2F 2-1: Called Strike 2-2: Strikes out swinging
|
| Top of the 8th over - 0 runs, 0 hits, 0 errors, 0 left on base; Oklahoma City 7 - Iowa 0 |
| BOTTOM OF THE 8TH |
|
Iowa Oaks batting - Pitching for Oklahoma City 89ers : RHP Chris Whitt
|
|
Batting: LHB Roy Hartford
|
0-0: Ball 1-0: Ground out 6-3 (Groundball, 6, EV 85.6 MPH)
|
|
Batting: RHB Lee Muszynski
|
0-0: Ball 1-0: Ball 2-0: Fly out, F5 (Line Drive, 5, EV 68.1 MPH)
|
|
Batting: RHB Thomas Vessey
|
0-0: Ball 1-0: Fly out, F8 (Flyball, 8LS, EV 93.8 MPH)
|
| Bottom of the 8th over - 0 runs, 0 hits, 0 errors, 0 left on base; Oklahoma City 7 - Iowa 0 |
| TOP OF THE 9TH |
|
Oklahoma City 89ers batting - Pitching for Iowa Oaks : LHP Guy Finch
|
|
Pitching: LHP Matthew Sutherland
|
|
|
Batting: RHB Richard Howard
|
0-0: Called Strike 0-1: SINGLE (Groundball, 56D, EV 103.1 MPH)
|
|
Batting: RHB Barry Bonnell
|
0-0: Ball 1-0: Called Strike 1-1: Ball 2-1: Ball 3-1: Fly out, F8 (Line Drive, 8LM, EV 103.1 MPH)
|
|
Batting: RHB Domingo Nunez
|
0-0: Ball 1-0: Swinging Strike 1-1: Called Strike 1-2: Ball 2-2: Foul Ball, location: 2F 2-2: Ball 3-2: Foul Ball, location: 2F 3-2: Foul Ball, location: 2F 3-2: Ground out 4-3 (Groundball, 4, EV 81.3 MPH) Richard Howard to second
|
|
Batting: LHB John Harris
|
0-0: Ball 1-0: Ball 2-0: Called Strike 2-1: Ground out 2-3 (Groundball, 13S, EV 62.5 MPH)
|
| Top of the 9th over - 0 runs, 1 hit, 0 errors, 1 left on base; Oklahoma City 7 - Iowa 0 |
| BOTTOM OF THE 9TH |
|
Iowa Oaks batting - Pitching for Oklahoma City 89ers : RHP Chris Whitt
|
|
Batting: RHB Ronald Evans
|
0-0: Ground out 4-3 (Groundball, 4M, EV 100.0 MPH)
|
|
Batting: RHB Mark Benson
|
0-0: Ball 1-0: Called Strike 1-1: Foul Ball, location: 2F 1-2: Ground out 5-3 (Groundball, 56S, EV 68.1 MPH)
|
|
Batting: SHB Chico Walker
|
0-0: Ball 1-0: Ball 2-0: TRIPLE (Flyball, 9LD, EV 103.1 MPH)
|
|
Batting: RHB Tim Hulett
|
0-0: Ball 1-0: Called Strike 1-1: Ball 2-1: Swinging Strike 2-2: Hit by Pitch
|
|
Batting: LHB Randall Robinson
|
0-0: Called Strike 0-1: Called Strike 0-2: Ball Wild Pitch! Chico Walker scores Tim Hulett to second 1-2: Ball 2-2: Foul Ball, location: 2F 2-2: Ball 3-2: Base on Balls
|
|
Batting: RHB Edgar Flores
|
0-0: Ball 1-0: Called Strike 1-1: Fly out, F9 (Line Drive, 9D, EV 91.9 MPH)
|
| Bottom of the 9th over - 1 run, 1 hit, 0 errors, 2 left on base; Oklahoma City 7 - Iowa 1 |
|